Map: Tropic Shores

Players

Cadaver - Winner!

  • Race: Terran Terran
  • Spawn Location: 0:00

Boom - Winner!

  • Race: Protoss Protoss
  • League: Platinum
  • Spawn Location: 11:00

jcarlos - Winner!

  • Race: Terran Terran
  • League: Silver
  • Spawn Location: 12:00

Infamous - Winner!

  • Race: Protoss Protoss
  • League: Gold
  • Spawn Location: 12:00

Brenobj

  • Race: Terran Terran
  • Spawn Location: 5:00

Thanos

  • Race: Protoss Protoss
  • Spawn Location: 6:00

excaliber

  • Race: Protoss Protoss
  • Spawn Location: 6:00

Stormleg

  • Race: Zerg Zerg
  • Spawn Location: 5:00

VOD

Have the link to the VOD?

Description

Time

  • Played on: April 23, 2018, 1:17 p.m.
  • Length: 13:36
Show
View Real Time Build Order
Export as new Build Order

Cadaver Terran - Winner!

Build Orders: Mech 

Get SALT Encoding   

  12  0:02  SCV  
  13  0:14  SCV  
  14  0:29  Supply Depot, SCV  
  15  0:50  SCV  
  16  1:04  SCV  
  17  1:17  SCV  
  18  1:22  Refinery  
  18  1:31  SCV  
  19  1:55  SCV  
  19  2:00  Command Center  
  20  2:01  Refinery  
  20  2:15  SCV  
  21  2:20  Refinery  
  21  2:22  Refinery  
  21  2:27  SCV  
  22  2:41  SCV  
  23  3:02  Supply Depot x2  
  23  3:11  SCV  
  24  3:15  SCV  
  25  3:31  Barracks  
  25  3:34  Engineering Bay  
  25  3:42  SCV  
  25  3:44  SCV  
  27  4:15  SCV  
  28  4:17  SCV  
  29  4:36  SCV  
  30  4:44  Building Armor  
  30  5:00  Factory x2  
  30  5:02  Factory  
  30  5:03  Barracks Reactor  
  30  5:12  SCV  
  31  5:14  SCV  
  32  5:28  SCV  
  33  5:29  SCV  
  34  5:44  Supply Depot  
  34  5:57  Marine  
  34  5:58  Marine  
  36  6:06  Factory Tech Lab  
  36  6:07  Factory Tech Lab  
  36  6:08  Factory Tech Lab  
  36  6:15  Marine x2  
  38  6:19  SCV  
  38  6:20  SCV  
  38  6:24  Terran Infantry Weapons Level 1  
  40  6:30  Siege Tank  
  40  6:31  Siege Tank  
  40  6:32  Marine, Siege Tank  
  49  6:33  Marine  
  51  6:50  Marine  
  51  6:51  Marine  
  53  7:03  SCV  
  53  7:05  SCV  
  53  7:06  Missile Turret  
  53  7:08  Marine  
  55  7:09  Marine, Missile Turret  
  55  7:10  Siege Tank  
  55  7:14  Missile Turret  
  55  7:15  Missile Turret  
  60  7:50  Supply Depot  
  60  7:52  Supply Depot  
  60  7:55  Supply Depot  
  60  7:58  Supply Depot  
  60  8:03  Marine  
  60  8:04  Marine  
  62  8:12  Siege Tank x2, SCV  
  69  8:13  SCV  
  69  8:14  Siege Tank  
  69  8:19  Terran Infantry Armor Level 1  
  73  8:31  Supply Depot  
  73  8:33  Supply Depot  
  73  8:35  Supply Depot, SCV  
  73  8:37  Supply Depot, SCV  
  75  8:44  Siege Tank x2  
  75  8:48  Siege Tank  
  84  9:16  Siege Tank  
  87  9:22  Siege Tank  
  90  9:24  Siege Tank  
  90  9:27  Marine  
  90  9:28  Marine  
  95  9:45  Marine x2  
  95  9:48  Siege Tank  
  100  9:54  Siege Tank  
  103  10:03  Marine x2  
  105  10:20  Siege Tank  
  105  10:21  Marine x2  
  108  10:26  Siege Tank  
  113  10:39  Marine x2  
  115  10:52  Siege Tank  
  118  10:58  Siege Tank  
  115  11:24  Siege Tank  
  118  11:30  Siege Tank  
  121  12:02  Siege Tank  
Show
View Real Time Build Order
Export as new Build Order

Boom Protoss - Winner!

Build Orders: 1 Gate Expand, Carrier Rush 

Get SALT Encoding   

  12  0:06  Probe  
  13  0:13  Pylon  
  13  0:17  Probe  
  14  0:25  Probe  
  15  0:37  Probe  
  16  0:49  Gateway  
  16  0:51  Probe  
  17  1:03  Probe  
  18  1:14  Nexus  
  18  1:21  Assimilator  
  18  1:24  Probe  
  19  1:41  Probe  
  19  1:42  Cybernetics Core  
  20  1:53  Probe, Assimilator  
  21  2:05  Probe  
  22  2:17  Probe  
  23  2:28  Probe  
  24  2:34  Pylon  
  24  2:35  Stargate  
  24  2:41  Assimilator  
  24  2:43  Probe  
  24  2:44  Probe  
  26  2:56  Probe  
  27  3:00  Probe  
  27  3:01  Forge  
  28  3:08  Probe  
  29  3:15  Probe  
  30  3:20  Fleet Beacon  
  30  3:24  Probe  
  31  3:37  Probe  
  31  3:38  Probe  
  33  3:42  Assimilator  
  33  3:43  Carrier  
  33  3:50  Probe  
  33  3:51  Nexus  
  34  4:07  Graviton Catapult  
  40  4:19  Probe x2  
  42  4:24  Protoss Shields Level 1  
  42  4:28  Pylon  
  42  4:36  Probe x2  
  44  4:42  Pylon  
  44  4:46  Protoss Air Weapons Level 1  
  44  4:48  Probe  
  44  4:52  Carrier  
  45  5:01  Pylon, Probe  
  45  5:02  Probe  
  47  5:13  Probe x2  
  55  5:19  Photon Cannon  
  55  5:22  Probe  
  56  5:33  Probe  
  56  5:34  Probe  
  58  5:38  Probe  
  59  5:44  Photon Cannon  
  59  5:46  Probe  
  59  5:47  Probe  
  61  5:56  Shield Battery  
  61  5:58  Photon Cannon  
  61  5:59  Probe x2  
  63  6:10  Stargate  
  63  6:14  Pylon, Twilight Council  
  63  6:15  Carrier  
  69  6:22  Probe x3  
  72  6:26  Protoss Air Weapons Level 2, Assimilator  
  72  6:31  Assimilator  
  72  6:34  Probe x2  
  72  6:36  Photon Cannon  
  72  6:37  Shield Battery  
  74  6:40  Protoss Shields Level 2  
  74  6:42  Probe, Pylon  
  74  6:46  Probe  
  76  7:00  Carrier  
  82  7:12  Mothership  
  82  7:19  Probe x2  
  82  7:20  Probe  
  85  7:35  Carrier, Shield Battery  
  93  7:37  Pylon, Shield Battery  
  99  8:15  Stargate  
  99  8:18  Carrier  
  105  8:47  Pylon  
  105  9:04  Carrier x2  
  117  9:12  Pylon  
  117  9:13  Pylon  
  117  9:17  Pylon  
  117  9:18  Pylon  
  117  9:22  Pylon x2  
  117  9:24  Pylon  
  117  9:32  Pylon  
  117  9:33  Pylon  
  117  9:34  Pylon  
  117  10:17  Carrier  
  117  10:20  Protoss Air Weapons Level 3  
  117  10:22  Protoss Shields Level 3  
  117  10:25  Carrier  
  117  10:26  Carrier  
  135  10:57  Stargate  
  135  10:58  Stargate  
  135  11:49  Carrier  
  135  11:50  Carrier  
  147  12:07  Carrier  
  147  12:09  Carrier  
  165  13:10  Pylon  
  165  13:11  Pylon  
  165  13:12  Pylon x2  
  165  13:14  Pylon  
  165  13:16  Pylon  
Show
View Real Time Build Order
Export as new Build Order

jcarlos Terran - Winner!

Build Orders: Command Center First (CC) 

Get SALT Encoding   

  12  0:05  SCV  
  13  0:19  SCV  
  14  0:31  Supply Depot  
  14  0:37  SCV  
  14  0:38  Supply Depot  
  15  0:52  SCV  
  16  1:22  Command Center  
  16  1:41  Command Center  
  16  2:01  Barracks  
  16  2:07  Barracks  
  16  2:13  SCV  
  17  2:25  SCV  
  18  2:37  SCV  
  19  2:49  SCV  
  20  2:53  Refinery  
  20  2:55  Refinery  
  20  2:59  Orbital Command  
  20  3:07  Orbital Command  
  20  3:30  Orbital Command  
  20  3:50  Barracks Reactor  
  20  3:53  Barracks Reactor  
  20  4:03  SCV  
  21  4:11  SCV  
  21  4:15  SCV  
  23  4:23  SCV  
  24  4:27  SCV  
  25  4:35  SCV  
  26  4:39  SCV  
  26  4:41  Refinery  
  26  4:43  Refinery  
  27  4:47  SCV  
  27  4:49  Marine x3  
  27  4:50  Marine  
  27  4:52  SCV  
  33  4:59  SCV  
  34  5:03  Factory  
  34  5:04  SCV  
  34  5:07  Marine x4  
  35  5:09  Factory  
  35  5:11  SCV  
  35  5:13  Factory  
  40  5:15  Refinery  
  40  5:16  SCV  
  40  5:17  Refinery  
  41  5:24  SCV  
  41  5:28  SCV  
  43  5:36  SCV  
  43  5:40  SCV  
  45  5:48  SCV  
  46  5:52  SCV  
  47  5:57  Factory Tech Lab x2  
  47  5:58  Factory Tech Lab  
  47  6:00  SCV  
  48  6:04  SCV  
  48  6:06  Armory  
  49  6:11  Armory  
  49  6:14  Supply Depot  
  49  6:27  SCV  
  50  6:36  Supply Depot  
  50  6:39  SCV  
  51  6:51  SCV  
  51  6:54  Thor x3  
  52  7:00  Terran Ship Weapons Level 1, Terran Vehicle And Ship Armor Level 1  
  70  7:03  SCV  
  71  7:09  Factory  
  71  7:15  SCV  
  71  7:16  Factory  
  71  7:20  Factory  
  72  7:28  Factory  
  72  7:32  Supply Depot  
  72  7:55  Supply Depot  
  72  8:09  Factory Tech Lab x2  
  72  8:10  Factory Tech Lab  
  72  8:15  Factory Tech Lab  
  72  8:34  Thor x4  
  72  8:35  Thor x2  
  72  8:38  Drilling Claws, Rapid Fire Launchers  
  72  8:39  Smart Servos  
  108  8:42  Infernal Pre-Igniter  
  108  8:53  Supply Depot  
  108  9:16  Supply Depot  
  108  9:30  Terran Vehicle And Ship Armor Level 2, Terran Vehicle Weapons Level 1  
  108  9:33  Thor x2  
  120  9:40  Supply Depot  
  120  10:08  Supply Depot  
  120  10:13  Thor x4  
  144  10:30  Supply Depot  
  144  10:49  Thor x3  
  162  11:01  Thor  
Show
View Real Time Build Order
Export as new Build Order

Infamous Protoss - Winner!

Build Orders:  

Get SALT Encoding   

  12  0:01  Probe  
  13  0:14  Pylon  
  13  0:20  Probe  
  14  0:33  Gateway  
  14  0:34  Probe  
  14  0:42  Probe  
  16  0:55  Probe  
  16  1:02  Assimilator  
  16  1:03  Probe  
  18  1:25  Cybernetics Core  
  18  1:40  Probe  
  19  1:54  Pylon  
  19  1:58  Nexus  
  19  2:00  Probe  
  20  2:03  Assimilator  
  20  2:04  Pylon  
  20  2:07  Warp Gate  
  20  2:08  Probe  
  21  2:21  Stalker  
  23  2:26  Probe  
  24  2:49  Stargate  
  24  2:50  Gateway  
  24  2:58  Probe  
  25  3:08  Stalker  
  25  3:10  Probe  
  25  3:11  Probe  
  29  3:24  Pylon  
  29  3:27  Probe  
  29  3:28  Probe  
  29  3:31  Gateway  
  31  3:45  Void Ray  
  35  3:49  Probe  
  36  4:05  Probe x2  
  36  4:07  Gateway  
  38  4:25  Pylon  
  38  4:27  Probe  
  38  4:28  Probe  
  38  4:31  Stalker  
  42  4:38  Assimilator  
  42  4:42  Assimilator  
  42  4:50  Pylon  
  42  4:52  Probe x2  
  44  4:54  Forge  
  44  4:58  Adept  
  46  5:03  Adept  
  46  5:04  Probe  
  49  5:08  Probe  
  50  5:16  Probe  
  50  5:19  Stalker  
  50  5:21  Sentry  
  55  5:29  Forge  
  55  5:32  Zealot x2  
  59  5:39  Void Ray  
  59  5:41  Probe x2  
  65  5:51  Protoss Air Weapons Level 1  
  65  5:56  Stalker, Robotics Facility  
  67  5:59  Sentry x2  
  67  6:00  Sentry  
  67  6:03  Protoss Ground Weapons Level 1  
  73  6:13  Protoss Ground Armor Level 1  
  73  6:20  Twilight Council  
  73  6:32  Probe x2  
  75  6:40  Stalker  
  77  6:48  Pylon  
  77  6:51  Pylon  
  77  6:54  Pylon  
  77  6:55  Pylon, Observer  
  77  6:57  Pylon, Void Ray  
  82  7:14  Stalker x2  
  82  7:15  Zealot  
  88  7:16  Zealot  
  90  7:26  Charge  
  90  7:28  Immortal  
  94  7:46  Probe x2  
  96  7:58  Probe  
  97  8:01  Stalker x3  
  97  8:02  Stalker  
  105  8:12  Immortal  
  109  8:15  Void Ray  
  113  8:29  Probe x2  
  113  8:33  Stalker  
  99  9:09  Protoss Ground Armor Level 2, Protoss Ground Weapons Level 2  
  99  9:10  Stalker x3  
  99  9:11  Stalker  
  99  9:13  Void Ray  
  99  9:15  Immortal  
  115  9:36  Blink  
  115  9:40  Sentry  
  117  10:02  Nexus  
  117  10:06  Pylon  
  117  10:09  Pylon  
  117  10:14  Pylon  
  109  10:38  Zealot x4  
  113  11:02  Stalker x2  
  113  11:03  Stalker x2  
  120  11:46  Stalker  
  122  11:47  Stalker x3  
  128  12:03  Probe x3  
  128  12:08  Photon Cannon  
  131  12:10  Photon Cannon  
  131  12:14  Assimilator  
  131  12:15  Probe  
  132  12:20  Assimilator  
  132  12:27  Stalker x4  
  140  12:34  Immortal, Void Ray  
  148  12:59  Zealot  
  148  13:00  Zealot x3  
  156  13:15  Probe  
Show
View Real Time Build Order
Export as new Build Order

Brenobj Terran 

Build Orders:  

Get SALT Encoding   

  12  0:16  Supply Depot  
  12  0:24  Engineering Bay  
  12  0:44  Barracks  
  12  0:48  SCV  
  13  0:54  Refinery  
  13  1:04  SCV  
  14  1:16  SCV  
  15  1:33  Barracks  
  15  1:47  Refinery  
  15  1:50  Barracks Reactor  
  15  2:17  SCV  
  17  2:30  SCV  
  17  2:38  Marine x2, Barracks Reactor  
  17  2:40  Missile Turret  
  17  2:42  SCV  
  20  2:55  SCV  
  20  2:56  Marine x2  
  23  3:12  Supply Depot  
  23  3:33  Marine x2, SCV  
  26  3:35  Supply Depot  
  26  3:45  SCV  
  27  3:51  Marine x2  
  29  3:58  SCV  
  30  4:06  Sensor Tower  
  30  4:19  Marine x2  
  30  4:22  Marine x2  
  34  4:37  Marine x2  
  36  4:40  Marine x2  
  36  4:45  Sensor Tower  
  38  4:54  Marine  
  38  4:58  Supply Depot  
  39  5:20  Marine x4  
  43  5:22  Supply Depot  
  43  5:37  Marine x4  
  47  5:53  Factory  
  47  5:55  Marine x4  
  51  6:13  Marine x4  
  55  6:42  Command Center  
  55  7:47  Orbital Command  
  55  7:54  Marine x4, Cyclone  
  55  7:57  Supply Depot  
  55  7:58  SCV  
  63  8:10  SCV  
  63  8:11  Marine x4  
  68  8:22  SCV  
  68  8:26  Cyclone  
  72  8:29  Marine x4  
  76  8:47  Marine x2  
  78  9:32  Marine x2, SCV, Cyclone  
  84  9:44  SCV  
  82  9:56  SCV  
  78  10:04  Cyclone  
  81  10:08  Supply Depot, SCV  
  82  10:21  Marine x4  
  54  10:36  Cyclone  
  54  10:39  Marine x4  
  47  10:56  Marine  
  47  10:57  Marine x3  
  53  11:14  Marine x4  
Show
View Real Time Build Order
Export as new Build Order

Thanos Protoss 

Build Orders:  

Get SALT Encoding   

  12  0:04  Probe  
  13  0:15  Probe  
  14  0:23  Probe  
  15  0:32  Pylon  
  15  0:42  Pylon  
  15  0:50  Probe  
  16  0:58  Probe  
  17  1:07  Probe  
  18  1:12  Forge  
  18  1:17  Probe  
  18  1:19  Pylon  
  18  1:24  Pylon  
  19  1:29  Probe  
  19  1:30  Pylon  
  20  1:41  Probe  
  20  1:45  Assimilator  
  21  1:53  Probe, Assimilator  
  22  2:05  Probe  
  23  2:17  Probe  
  23  2:22  Gateway  
  24  2:24  Gateway  
  24  2:27  Probe, Gateway  
  25  2:35  Probe  
  25  2:44  Probe  
  27  2:54  Probe  
  28  3:02  Probe  
  28  3:10  Probe  
  30  3:22  Probe  
  31  3:31  Cybernetics Core  
  31  3:34  Probe, Cybernetics Core  
  31  3:36  Pylon  
  32  3:46  Probe  
  33  3:58  Probe  
  33  4:00  Nexus  
  34  4:10  Probe  
  34  4:12  Protoss Air Weapons Level 1  
  34  4:15  Nexus  
  35  4:20  Protoss Air Armor Level 1  
  35  4:23  Probe  
  36  4:53  Probe, Pylon  
  36  4:56  Pylon  
  37  5:01  Probe  
  38  5:10  Probe  
  39  5:17  Pylon  
  39  5:20  Pylon  
  39  5:22  Probe  
  40  5:33  Stargate  
  40  5:34  Probe  
  41  5:41  Stargate  
  41  5:46  Twilight Council  
  41  5:51  Robotics Facility  
  41  5:53  Probe  
  42  6:01  Probe  
  42  6:06  Warp Gate  
  42  6:10  Probe  
  44  6:22  Probe  
  45  6:32  Probe  
  46  6:40  Probe  
  47  6:49  Probe  
  47  6:54  Assimilator  
  48  6:59  Assimilator  
  48  7:01  Probe  
  49  7:12  Probe  
  50  7:20  Probe  
  50  7:28  Probe, Protoss Ground Weapons Level 1  
  52  7:39  Probe  
  53  7:51  Probe  
  54  8:02  Charge  
  54  8:06  Pylon  
  54  8:10  Pylon  
  54  8:21  Void Ray  
  58  8:37  Stargate  
  58  9:04  Void Ray  
  62  9:22  Protoss Ground Armor Level 1  
  62  9:33  Void Ray  
  66  9:39  Probe  
  66  9:43  Blink  
  67  9:47  Probe, Void Ray  
  67  9:49  Probe  
  73  9:56  Probe  
  74  10:04  Probe  
  74  10:12  Probe  
  75  10:14  Probe  
  77  10:23  Probe  
  77  10:26  Probe  
  79  10:29  Void Ray  
  79  10:35  Probe  
  84  10:38  Probe  
  85  10:55  Void Ray  
  89  11:12  Void Ray  
  93  11:19  Assimilator  
  93  11:24  Assimilator  
  93  11:34  Probe  
  94  11:47  Probe  
  95  11:55  Void Ray  
  95  11:59  Probe  
  75  12:11  Probe  
Show
View Real Time Build Order
Export as new Build Order

excaliber Protoss 

Build Orders:  

Get SALT Encoding   

  12  0:03  Probe  
  13  0:15  Probe  
  14  0:26  Pylon  
  14  0:31  Probe  
  15  0:44  Probe  
  16  0:52  Pylon  
  16  0:58  Gateway  
  16  1:02  Forge  
  16  1:11  Probe  
  16  1:12  Assimilator  
  17  1:23  Probe  
  18  1:36  Probe  
  19  1:46  Zealot  
  21  1:48  Probe  
  22  1:59  Assimilator  
  22  2:00  Probe  
  23  2:02  Pylon  
  23  2:12  Probe  
  23  2:13  Zealot  
  26  2:38  Photon Cannon  
  26  2:40  Photon Cannon, Zealot  
  28  2:44  Photon Cannon  
  28  2:50  Photon Cannon  
  28  2:56  Cybernetics Core  
  28  2:59  Pylon  
  28  3:10  Zealot  
  30  3:20  Protoss Ground Weapons Level 1  
  30  3:38  Zealot  
  32  3:42  Probe  
  33  4:08  Nexus  
  33  4:10  Assimilator  
  33  4:14  Assimilator  
  33  4:22  Pylon  
  33  4:38  Stalker, Shield Battery  
  35  4:52  Shield Battery  
  35  5:08  Pylon, Stalker  
  37  5:20  Stargate  
  37  5:27  Twilight Council  
  37  5:34  Probe  
  38  5:38  Stalker  
  40  5:45  Pylon  
  40  5:46  Probe  
  41  5:58  Probe  
  42  6:08  Stalker  
  42  6:10  Probe  
  45  6:21  Robotics Facility  
  45  6:22  Probe  
  45  6:24  Warp Gate  
  46  6:35  Probe  
  46  6:38  Stalker  
  49  6:49  Protoss Ground Armor Level 1  
  49  6:53  Charge  
  49  7:08  Probe, Stalker  
  52  7:18  Void Ray  
  52  7:21  Probe  
  57  7:38  Stalker  
  59  7:49  Fleet Beacon  
  59  8:01  Void Ray, Robotics Bay  
  63  8:08  Stalker  
  65  8:38  Stalker  
  67  8:44  Void Ray  
  59  9:08  Stalker  
  61  9:27  Void Ray  
  65  9:38  Stalker  
  67  9:49  Stargate  
  67  9:52  Stargate  
  67  10:09  Void Ray  
  67  10:36  Void Ray x2  
  75  10:52  Void Ray  
  78  11:03  Pylon  
  74  11:06  Pylon  
  74  11:09  Pylon  
Show
View Real Time Build Order
Export as new Build Order

Stormleg Zerg 

Build Orders: Pool First 

Get SALT Encoding   

  12  0:02  Drone  
  13  0:11  Drone  
  14  0:23  Extractor  
  14  0:27  Extractor  
  12  0:30  Overlord  
  12  0:31  Drone  
  13  0:50  Drone x2  
  15  1:04  Spawning Pool  
  15  1:09  Drone x2  
  16  1:25  Evolution Chamber  
  16  1:26  Drone x2  
  17  1:50  Drone  
  17  1:51  Drone  
  17  1:52  Metabolic Boost  
  19  1:56  Queen  
  19  2:00  Drone  
  22  2:16  Overlord  
  22  2:28  Overlord  
  22  2:53  Zergling x6  
  25  3:11  Hatchery  
  24  3:16  Burrow  
  24  3:17  Zergling x2  
  24  3:18  Zergling x2  
  26  3:24  Zerg Melee Weapons Level 1  
  26  3:36  Overlord  
  26  4:00  Overlord  
  26  4:02  Zergling x4  
  28  4:18  Drone  
  29  4:35  Drone x2, Extractor  
  29  4:36  Extractor  
  29  4:44  Zergling x4  
  31  4:52  Baneling Nest  
  30  4:57  Roach Warren  
  29  5:11  Pneumatized Carapace  
  29  5:17  Zergling x4  
  29  5:18  Zergling x2  
  29  5:19  Zerg Ground Armor Level 1  
  32  5:25  Drone x3  
  35  5:56  Baneling  
  35  5:57  Baneling x3  
  35  6:04  Drone x2  
  35  6:07  Lair  
  37  6:28  Spore Crawler  
  37  6:32  Spore Crawler  
  35  6:35  Spore Crawler  
  34  6:52  Drone x3  
  37  7:02  Drone x2  
  37  7:03  Drone  
  37  7:07  Overlord  
  40  7:18  Drone, Hydralisk Den  
  40  7:41  Drone  
  40  7:42  Drone x2  
  43  7:48  Hydralisk x3  
  49  7:59  Hatchery  
  48  8:21  Hydralisk x2  
  48  8:23  Baneling  
  48  8:24  Baneling x3  
  52  8:42  Spine Crawler  
  39  9:13  Drone x3  
  42  9:32  Hydralisk x2  
  42  9:33  Hydralisk x3  
  52  9:41  Drone x2  
  20  10:32  Hydralisk x2  
  20  10:33  Hydralisk  
  26  10:37  Overseer  
Tags
 
Add a new tag
Caveats
  • Supply blocks, unpowered buildings, or Contaminate may cause inaccurate times.
  • Supply counts are checked every 10 seconds.